 Dungeon Crawl Stone Soup version 0.23.0 (webtiles) character file.

Game seed: 2098705485745813020

3813 Laan the Summoner (level 10, -27/50 HPs)
             Began as a Tengu Summoner on Feb 13, 2019.
             Was a Priest of Vehumet.
             Killed from afar by a fire dragon (56 damage)
             ... with a blast of flame
             ... on level 2 of the Lair of Beasts.
             The game lasted 00:54:27 (10565 turns).

Laan the Summoner (Tengu Summoner)                 Turns: 10565, Time: 00:54:27

Health: -27/50     AC:  7    Str:  9    XL:     10   Next: 17%
Magic:  16/42      EV: 13    Int: 19    God:    Vehumet [***...]
Gold:   483        SH:  0    Dex: 17    Spells: 6/19 levels left

rFire    . . .     SeeInvis .   M - staff of power
rCold    . . .     Gourm    .   (no shield)
rNeg     . . .     Faith    .   K - +2 robe {MR+}
rPois    .         Spirit   .   (helmet restricted)
rElec    .         Reflect  .   O - +0 cloak {MR+}
rCorr    +         Harm     .   e - +1 pair of gloves {Dex+3}
MR       ++...                  (boots unavailable)
Stlth    ++........             E - amulet of regeneration
HPRegen  0.56/turn              m - ring of resist corrosion
MPRegen  0.28/turn              F - ring of magical power

@: starving
A: beak, talons 3, able to fly
a: Fly, Renounce Religion


You were on level 2 of the Lair of Beasts.
You worshipped Vehumet.
Vehumet was most pleased with you.
You were starving.

You visited 3 branches of the dungeon, and saw 12 of its levels.
You also visited: Ossuary.

You collected 590 gold pieces.
You spent 107 gold pieces at shops.

Inventory:

Hand Weapons
 N - a +5 short sword of electrocution
Missiles
 d - 283 stones (quivered)
Armour
 a - the +1 leather armour "Iwnoith" {rF++ Str-4}
   (You found it on level 7 of the Dungeon)

   It affects your strength (-4).
   It greatly protects you from fire.
 e - a +1 pair of gloves of dexterity (worn)
 K - a +2 robe of magic resistance (worn)
 O - a +0 cloak of magic resistance (worn)
Magical Staves
 M - an uncursed staff of power (weapon)
Jewellery
 m - a ring of resist corrosion (left hand)
 E - an amulet of regeneration (around neck)
 F - a ring of magical power (right hand)
Wands
 h - a wand of polymorph (5)
 p - a wand of flame (16)
 G - a wand of paralysis (16)
 P - a wand of iceblast (14)
Scrolls
 b - 2 scrolls of fog {unknown}
 i - 6 scrolls of remove curse
 k - 5 scrolls of magic mapping
 n - 5 scrolls of teleportation
 o - 2 scrolls of blinking
 x - 4 scrolls of identify
 y - 2 scrolls of amnesia
 A - a scroll of immolation
 L - a scroll of brand weapon
Potions
 f - 2 potions of curing
 g - 2 potions of might
 l - 2 potions of mutation
 q - 3 potions of heal wounds
 s - 3 potions of lignification
 t - a potion of agility
 u - 2 potions of magic
 v - 3 potions of ambrosia
 w - 2 potions of haste
 z - 2 potions of cancellation
 I - 2 potions of resistance
 J - 2 potions of brilliance
Comestibles
 c - 11 rations
 j - a chunk of flesh


   Skills:
 - Level 2.1 Dodging
 - Level 2.0 Stealth
 - Level 5.1 Spellcasting
 * Level 14.1 Summonings
 - Level 8.0 Air Magic


You had 6 spell levels left.
You knew the following spells:

 Your Spells              Type           Power        Failure   Level  Hunger
a - Summon Small Mammal   Summ           ####         1%          1    None
b - Call Imp              Summ           ######..     1%          2    #......
c - Shadow Creatures      Summ           N/A          5%          6    #######
d - Summon Lightning Spi  Summ/Air       #####...     1%          4    ####...

Your spell library contained the following spells:

 Spells                   Type           Power        Failure   Level  Hunger
 Inner Flame              Hex/Fire       #.......     11%         3    ##.....
 Shock                    Conj/Air       ###.         1%          1    None
 Call Canine Familiar     Summ           ######..     1%          3    ##.....
 Recall                   Summ/Tloc      N/A          1%          3    ##.....
 Summon Guardian Golem    Hex/Summ       ####....     1%          3    ##.....
 Aura of Abjuration       Summ           ######....   1%          5    ######.
 Summon Demon             Summ           ######....   1%          5    ######.
 Summon Ice Beast         Ice/Summ       ####....     7%          4    ####...
 Summon Forest            Summ/Tloc      ####......   19%         5    ######.
 Summon Mana Viper        Hex/Summ       ####....     19%         5    ######.
 Ice Form                 Ice/Tmut       #.......     77%         4    ####...
 Metabolic Englaciation   Hex/Ice        #.........   98%         5    ######.
 Ozocubu's Refrigeration  Ice            #.........   98%         6    #######


Dungeon Overview and Level Annotations

Branches:
Dungeon (9/15)             Temple (1/1) D:6            Lair (2/6) D:9
  Swamp: Lair:2-4    Shoals: Lair:2-4     Snake: Lair:2-4    Spider: Lair:2-4
    Orc: D:9-12

Altars:
Ashenzari
Cheibriados
Gozag
Hepliaklqana
Kikubaaqudgha
Makhleb
Okawaru
Qazlal
Ru
Sif Muna
Trog
Uskayaw
Vehumet
Xom
Zin
The Shining One

Shops:
D:5 ?   D:7 [**[

Annotations:
D:9 2 transporters, kirsanium's ghost, novice DrFi


Innate Abilities, Weirdness & Mutations

You have a beak for a mouth.
You have claws for feet.
You can fly continuously.


Message History

Ouch! That really hurt!
Your water moccasin bites the fire dragon.
Your water moccasin bites the fire dragon.
Your porcupine bites the fire dragon.
The fire dragon breathes flames at you.
The blast of flame hits your porcupine!!!
Your porcupine dies!
Your porcupine's corpse dissolves into shadows!
The blast of flame hits you!
* * * LOW HITPOINT WARNING * * *
You feel much better.
Your bullfrog barely misses the fire dragon.
Your water moccasin bites the fire dragon but does no damage.
Your bullfrog hits the fire dragon. Your bullfrog hits the fire dragon.
Your water moccasin bites the fire dragon but does no damage.
The fire dragon breathes flames at you. The blast of flame hits you!!!
Ouch! That really hurt!
You die...

........####
#.#
#.......#
#.##
........#
#..#
.......8#
##.#
........#
#.#
........#
#.##
........#
#..#
........#
##..##
........#
##.@..##
#.......#
#......#
#.......#
#......##
........#
##...D...#
........#
#...FS...#
#.......#
#......≈≈#
#.......#
#....8≈≈≈#
........#
#≈..≈≈≈≈≈#
........#
#≈≈≈≈≈≈.≈#


You could see a fire dragon, a friendly water moccasin, a friendly bullfrog and
a friendly lightning spire.

Vanquished Creatures
  Maurice (D:8)
  A centaur (D:5)
  A bullfrog (D:6)
  A quasit (D:4)
  2 hounds
  A bullfrog zombie (D:5)
  A bullfrog skeleton (D:7)
  An orc priest (D:4)
  4 orc wizards
  2 worker ants
  A hound zombie (D:6)
  A hound skeleton (D:6)
  5 adders
  2 oozes
  An adder zombie (Ossuary)
  A worm (D:4)
  A dart slug (D:3)
  3 leopard geckos
  9 orcs
  7 giant cockroaches
  6 goblins
  8 hobgoblins
  8 jackals
  A quokka (D:8)
  9 bats
  5 frilled lizards
  3 kobolds
  A quokka zombie (D:5)
  3 rats
  A butterfly (D:6)
91 creatures vanquished.

Vanquished Creatures (collateral kills)
  Pikel (D:6)
  A black mamba (Lair:1)
  3 spiny frogs
  2 hippogriffs
  A spriggan (D:8)
  3 water moccasins
  4 porcupines
  A black bear (D:6)
  3 orc warriors
  A phantom (D:4)
  3 slaves (D:6)
  4 ogres
  3 centaurs
  A big kobold (D:9)
  6 bullfrogs
  11 killer bees
  A howler monkey (D:6)
  A crimson imp (D:5)
  A centaur zombie (D:9)
  7 orc priests
  3 hounds
  A centaur skeleton (D:4)
  A jelly (D:7)
  6 orc wizards
  An iguana (D:6)
  2 worker ants
  3 mummies (Ossuary)
  A worker ant zombie (D:8)
  A howler monkey skeleton (D:8)
  6 adders
  4 shadow imps
  An ooze (D:1)
  3 adder zombies (Ossuary)
  A worm (D:2)
  4 dart slugs
  20 orcs
  2 giant cockroaches
  4 hobgoblins
  5 jackals
  A quokka (D:4)
  10 bats
  8 goblins
  3 goblin zombies (Ossuary)
  3 hobgoblin zombies (Ossuary)
  7 kobolds
  3 kobold zombies (Ossuary)
  A quokka zombie (Ossuary)
  3 rats (D:1)
  3 rat zombies (Ossuary)
  A fungus (D:9)
170 creatures vanquished.

Vanquished Creatures (others)
  A rat zombie (Ossuary)
  2 fungi
3 creatures vanquished.

Grand Total: 264 creatures vanquished

Notes
Turn   | Place    | Note
-------+----------+-------------------------------------------
     0 | D:1      | Laan the Tengu Summoner began the quest for the Orb.
     0 | D:1      | Reached XP level 1. HP: 10/10 MP: 4/4
    29 | D:1      | Reached skill level 5 in Summonings
    41 | D:1      | Reached XP level 2. HP: 15/15 MP: 4/6
   144 | D:1      | Learned a level 2 spell: Call Imp
   428 | D:1      | Reached XP level 3. HP: 7/19 MP: 3/7
   857 | D:1      | Learned a level 3 spell: Summon Guardian Golem
  1397 | D:2      | Reached skill level 6 in Summonings
  1534 | D:2      | Reached XP level 4. HP: 22/24 MP: 7/9
  1813 | D:2      | Found a shattered altar of Ashenzari.
  2479 | D:3      | Gained mutation: You can fly continuously. [Tengu growth]
  2479 | D:3      | Reached XP level 5. HP: 20/28 MP: 4/10
  2709 | D:3      | Found a sacrificial altar of Ru.
  2910 | D:3      | Reached skill level 7 in Summonings
  2980 | D:3      | Found a glowing golden altar of the Shining One.
  3143 | D:3      | Learned a level 4 spell: Summon Lightning Spire
  3182 | D:4      | Noticed an ogre
  3201 | D:4      | Killed an ogre
  3201 | D:4      | Reached skill level 1 in Air Magic
  3261 | D:4      | Reached XP level 6. HP: 32/32 MP: 1/11
  3529 | D:4      | Noticed a phantom
  3683 | D:4      | Identified the +5 flail of Qoefuem {antimagic, rN+ Stlth+}
  3910 | D:4      | Reached skill level 8 in Summonings
  4055 | D:4      | Identified the Papyrus of Lightness and the Glacier
  4096 | D:4      | Reached XP level 7. HP: 36/36 MP: 9/12
  4224 | D:5      | Entered Level 5 of the Dungeon
  4241 | D:5      | Found Kisof's Magic Scroll Shoppe.
  4295 | D:5      | Reached skill level 5 in Air Magic
  4467 | D:5      | Found a stormy altar of Qazlal.
  5404 | D:5      | Reached skill level 9 in Summonings
  5696 | D:6      | Noticed Pikel
  5736 | D:6      | Killed Pikel
  5736 | D:6      | Reached XP level 8. HP: 33/41 MP: 1/13
  5863 | D:6      | Found a shimmering altar of Xom.
  5904 | D:6      | Found a staircase to the Ecumenical Temple.
  5913 | Temple   | Entered the Ecumenical Temple
  5930 | Temple   | Became a worshipper of Vehumet
  6413 | D:6      | Reached skill level 10 in Summonings
  6777 | D:7      | Found a sand-covered staircase.
  6912 | D:7      | Found Dalinwe's Assorted Antiques.
  6920 | D:7      | Bought a glowing robe for 107 gold pieces
  6961 | D:7      | Found Jugunkar's Antique Armour Shoppe.
  7040 | D:7      | Found Bevvak's Antique Armour Emporium.
  7043 | D:7      | Got a jewelled leather armour
  7044 | D:7      | Identified the +1 leather armour "Iwnoith" {rF++ Str-4}
                  | (You found it on level 7 of the Dungeon)
  7097 | D:7      | Found Goronn's General Store.
  7122 | Ossuary  | Entered an ossuary
  7142 | Ossuary  | Reached * piety under Vehumet
  7142 | Ossuary  | Offered knowledge of Sting by Vehumet.
  7670 | D:7      | Learned a level 6 spell: Shadow Creatures
  7751 | D:8      | Noticed Maurice
  7799 | D:8      | Killed Maurice
  7799 | D:8      | Reached skill level 11 in Summonings
  7799 | D:8      | Reached XP level 9. HP: 45/45 MP: 13/16
  7896 | D:8      | Reached ** piety under Vehumet
  7896 | D:8      | Offered knowledge of Sandblast by Vehumet.
  8294 | D:8      | Reached skill level 5 in Spellcasting
  8755 | D:9      | Found a burning altar of Makhleb.
  8755 | D:9      | Found a snail-covered altar of Cheibriados.
  8828 | D:9      | Reached skill level 12 in Summonings
  9050 | D:9      | Offered knowledge of Inner Flame by Vehumet.
  9097 | D:9      | Found a staircase to the Lair.
  9127 | D:9      | Found a deep blue altar of Sif Muna.
  9182 | D:9      | Found an ancient bone altar of Kikubaaqudgha.
  9259 | D:9      | Found a transporter.
  9260 | D:9      | Found a transporter.
  9260 | D:9      | Noticed kirsanium's ghost (novice DrFi)
  9495 | Lair:1   | Entered Level 1 of the Lair of Beasts
  9551 | Lair:1   | Noticed a spiny frog
  9565 | Lair:1   | Killed a spiny frog
  9659 | Lair:1   | Reached skill level 13 in Summonings
  9897 | Lair:1   | Noticed a spiny frog
  9913 | Lair:1   | Killed a spiny frog
  9913 | Lair:1   | Reached *** piety under Vehumet
  9975 | Lair:1   | Noticed a black mamba
 10008 | Lair:1   | Killed a black mamba
 10008 | Lair:1   | Reached XP level 10. HP: 50/50 MP: 15/18
 10497 | Lair:2   | Reached skill level 14 in Summonings
 10498 | Lair:2   | Noticed a spiny frog
 10501 | Lair:2   | Killed a spiny frog
 10555 | Lair:2   | Noticed a fire dragon
 10565 | Lair:2   | Killed from afar by a fire dragon

Skill      XL: |  1  2  3  4  5  6  7  8  9 10 |
---------------+-------------------------------+-----
Summonings     | 5 6 7 8 9 11 13 14 | 14.1
Spellcasting   | 3 4 5 |  5.1
Air Magic      | 2 4 7 8 |  8.0
Dodging        | |  2.1
Stealth        | |  2.0

Action                   |  1- 3 |  4- 6 |  7- 9 | 10-12 || total
-------------------------+-------+-------+-------+-------++-------
Melee: Dagger            |    44 |   111 |   125 |       ||   280
       Short sword       |     5 |       |    22 |       ||    27
       Kick              |     5 |    27 |    33 |       ||    65
       Peck              |     9 |    13 |    28 |       ||    50
       Unarmed           |     1 |       |       |       ||     1
       Staff             |       |       |     1 |     1 ||     2
 Cast: Summon Small Mamm |    33 |    63 |     5 |       ||   101
       Call Imp          |     4 |    17 |    68 |     1 ||    90
       Summon Guardian G |     2 |       |       |       ||     2
       Summon Lightning  |       |     5 |    59 |     8 ||    72
       Shadow Creatures  |       |       |     6 |     4 ||    10
Evoke: Wand              |       |       |     1 |       ||     1
  Use: Scroll            |       |     8 |    20 |       ||    28
       Potion            |       |       |     4 |     1 ||     5
 Stab: Sleeping          |       |     6 |     3 |       ||     9
       Distracted        |       |     2 |     3 |       ||     5
       Paralysed         |       |       |     3 |       ||     3
  Eat: Chunk             |     3 |    10 |    21 |     4 ||    38
       Ration            |       |       |     3 |       ||     3
Armor: Robe              |     9 |    25 |    49 |     4 ||    87
       Leather armour    |       |       |     8 |       ||     8
Dodge: Dodged            |    53 |    74 |    92 |     2 ||   221
